cohdb
Replays
Latest Replays
All Replays
Popular Replays
Top Player Replays
Match Explorer
How It Works
Community
CoH3 Stats
Reddit
Sign in to upload your games and track your stats! →
Sign in with Steam
Match 38196954
Unlisted
Match 38196954
Overview
Messages
Build Orders
End
Kradschützen Motorcycle Team
Panzerpioneer Squad
250 Light Carrier
Selects Armored Support Battlegroup
Construct Light Support Kompanie
Selects Superior Fire Drills
Combat Half-tracks
MG34 Team
Assault Grenadier Squad
Fire Support Elements
Vehicle Survival Package
Assault Mechanized Group
Construct Panzerarmee Kommand
Selects Flammpanzer III Medium Tank
Flammpanzer III Medium Tank
Emergency Repair Kits
Panzer III L Medium Tank
Walking Stuka Rocket Launcher
Selects Salvage Kits
Funky Ayylien
Delta0032
Pannkaka
STALKER4732
kit.ohume
Devochkin
0
0
Comments
sign in to comment!
No comments posted yet!